 Dungeon Crawl Stone Soup version 0.20.1-1-g8b1a95d (webtiles) character file.

64642 equalderp2856 the Severer (level 14, 0/129 HPs)
             Began as a Minotaur Fighter on Sept 28, 2017.
             Slain by a sixfirhy (7 damage)
             ... summoned by an orc high priest
             ... on level 2 of the Orcish Mines.
             The game lasted 01:15:55 (25258 turns).

equalderp2856 the Severer (Minotaur Fighter)       Turns: 25258, Time: 01:15:55

Health: 0/129      AC: 28    Str: 21    XL:     14   Next: 72%
Magic:  14/14      EV:  9    Int:  7    God:
Gold:   2317       SH: 13    Dex: 14    Spells: 13/13 levels left

rFire    + + .     SeeInvis .   E - +5 broad axe of Earthquakes {protect, +Blink Dex+3}
rCold    + . .     Gourm    .   t - +0 shield {rC+}
rNeg     . . .     Faith    .   O - +3 plate armour {rF+}
rPois    .         Spirit   .   N - +0 hat
rElec    .         Reflect  .   F - +0 cloak {rF+}
rCorr    .         Harm     .   x - +0 pair of gloves {archery}
MR       +....                  S - +0 pair of boots
Stlth    ..........             o - amulet of regeneration
Regen    0.8/turn               u - +2 ring of protection
MPRegen  0.2/turn               v - +2 ring of protection

@: studying Armour
A: retaliatory headbutt, horns 2, clumsy 1
a: Evoke Blink


You were on level 2 of the Orcish Mines.
You were very hungry.

You visited 3 branches of the dungeon, and saw 18 of its levels.
You also visited: Labyrinth, Sewer, Bailey, Ice Cave and Volcano.

You collected 2328 gold pieces.
You spent 11 gold pieces at shops.

Inventory:

Hand Weapons
 E - the +5 broad axe of Earthquakes (weapon) {protect, +Blink Dex+3}
   (You found it on level 6 of the Lair of Beasts)

   It protects the one who uses it against injury (+AC on strike).
   It affects your dexterity (+3).
   It lets you blink.
 W - a +5 trident
 Y - a +1 vampiric broad axe
Armour
 c - a +0 shield
 s - a +1 plate armour of cold resistance
 t - a +0 shield of cold resistance (worn)
 x - a +0 pair of gloves of archery (worn)
 C - a +0 pair of gloves
 D - a +3 ring mail
 F - a +0 cloak of fire resistance (worn)
 N - a +0 hat (worn)
 O - a +3 plate armour of fire resistance (worn)
 S - a +0 pair of boots (worn)
Jewellery
 d - the ring "Giurhoo" {Int+3 Stlth+}
   (You found it in an ice cave)

   [ring of intelligence]

   It affects your intelligence (+3).
   It makes you more stealthy.
 o - an amulet of regeneration (around neck)
 u - a +2 ring of protection (left hand)
 v - a +2 ring of protection (right hand)
 y - an uncursed ring of protection from fire
 U - an uncursed ring of see invisible
Wands
 h - a wand of digging (9/24)
 l - a wand of paralysis (6/24)
Scrolls
 a - a scroll of fear
 f - a scroll of brand weapon
 i - 7 scrolls of identify
 j - 7 scrolls of teleportation
 n - 2 scrolls of blinking
 p - a scroll of recharging
 r - a scroll of vulnerability {unknown}
 w - 5 scrolls of remove curse
 V - a scroll of acquirement
Potions
 b - a potion of mutation {unknown}
 e - a potion of flight
 g - 8 potions of curing
 q - 2 potions of heal wounds
 z - a potion of haste
 G - 5 potions of berserk rage
 K - a potion of resistance
 L - 3 potions of might
Books
 B - a manual of Armour
Comestibles
 k - 26 fruits
 m - 9 meat rations
 A - 5 royal jellies


   Skills:
 + Level 13.6 Fighting
 + Level 17.4(17.6) Axes
 + Level 5.0(12.7) Polearms
 + Level 15.0 Armour
 + Level 4.4 Dodging
 + Level 3.6 Stealth
 + Level 13.3 Shields
 + Level 1.4 Evocations


You had 13 spell levels left.
You didn't know any spells.

Dungeon Overview and Level Annotations

Branches:
Dungeon (10/15)            Temple (0/1) D:6            Lair (6/6) D:8
 Shoals (0/4) Lair:3       Spider (0/4) Lair:2        Slime (0/5) Lair:5
    Orc (2/2) D:10            Elf (0/3) Orc:2

Altars:
Cheibriados
Fedhas
Nemelex Xobeh
Trog
Vehumet
Yredelemnul
The Shining One
Beogh
Jiyva

Shops:
D:5 :   D:6 =!%

Annotations:
Lair:5 exclusion: 3 oklob plants
Lair:6 exclusion: 4 oklob plants


Innate Abilities, Weirdness & Mutations

You reflexively headbutt those who attack you in melee.
You have a pair of horns on your head.
You are clumsy. (Dex -2)


Message History

a dagger; a robe; an orc skeleton The orc knight roars a battlecry!
The orcs go into a battle-frenzy!
Things that are here:
an enchanted long sword; a chain mail The orc knight roars a battlecry!
The orc knight goes into a battle-frenzy!
You are feeling very hungry.
The sixfirhy barely misses you. You block the sixfirhy's attack.
The sixfirhy hits you.
* * * LOW HITPOINT WARNING * * *
The sixfirhy shocks you!
* * * LOW HITPOINT WARNING * * *
Unknown command.
The sixfirhy hits you!
* * * LOW HITPOINT WARNING * * *
The sixfirhy shocks you!
* * * LOW HITPOINT WARNING * * *
You block the sixfirhy's attack. The sixfirhy hits you!
You die...

#.$.o))..## ##.##....## #
##.......# ##.......#####
###....{o## #....#.#####.#
##.$.))....## ##....#..#....
#....)......## ##$#..........
##.##....#.o.# #$.........##.
#####...##..#####........###.
##..###..3#..##.......#...
#...# ##.@....##.##.......
##.####....$.##.##........
##.###.#.$...#............
#..........<.#............
##.............$..........
##.......................
###.##(..................#
##..(.()...................
#....##....................


You could see 2 orc knights and a sixfirhy.

Vanquished Creatures
  A minotaur (Lab)
  An ice dragon (IceCv)
  Harold (Lair:1)
  7 hydras
  4 catoblepae (Lair:6)
  Erica (Lair:1)
  3 death yaks (Lair:6)
  6 two-headed ogres
  3 orc high priests (Orc:2)
  Sonja (Lair:1)
  The ghost of equalderp2856 the Cleaver, a novice MiFi (D:7)
  An unseen horror (D:10)
  7 orc knights
  2 orc sorcerers (Orc:2)
  A deep elf mage (Orc:2)
  2 manticores (Lair:6)
  A salamander (Volcano)
  4 elephants (Lair:4)
  5 black mambas
  7 rime drakes
  2 ice statues (IceCv)
  11 spiny frogs
  4 komodo dragons
  3 trolls
  A queen bee (D:8)
  A polar bear (Lair:6)
  4 dream sheep (Lair:6)
  A snapping turtle (Lair:3)
  13 blink frogs
  6 hippogriffs
  A redback (Lair:2)
  3 wyverns
  42 yaks
  A basilisk (Lair:4)
  3 hogs (D:7)
  Grum (D:8)
  A human (D:7)
  2 hungry ghosts
  Edmund (D:5)
  4 wargs
  17 water moccasins
  8 porcupines
  4 hell hounds (Volcano)
  3 sky beasts
  26 orc warriors
  2 black bears
  4 phantoms
  22 ice beasts
  10 wolves
  11 ogres
  11 crocodiles
  3 centaurs
  2 big kobolds
  21 bullfrogs
  A gnoll sergeant (D:7)
  A water moccasin zombie (D:7)
  A scorpion (D:8)
  A water moccasin skeleton (D:8)
  27 killer bees
  5 howler monkeys
  14 wights
  2 electric eels
  4 crimson imps
  A centaur zombie (D:6)
  5 hounds
  A gnoll shaman (D:7)
  15 orc priests
  A centaur skeleton (D:5)
  2 jellies (D:7)
  16 orc wizards
  An iguana (D:9)
  4 worker ants
  A killer bee zombie (D:9)
  2 hound skeletons
  A worker ant zombie (D:5)
  Robin (D:2)
  A howler monkey skeleton (D:8)
  19 gnolls
  21 adders
  2 shadow imps
  An ooze (D:3)
  2 worms
  An adder skeleton (D:7)
  A dart slug (D:1)
  8 leopard geckos
  75 orcs
  A ball python (D:3)
  4 giant cockroaches
  21 goblins
  7 hobgoblins
  12 jackals
  12 kobolds
  2 quokkas
  11 bats
  8 frilled lizards
  A leopard gecko zombie (D:8)
  8 rats
  A bush (Lair:6)
  3 fungi
  A plant (Lair:5)
638 creatures vanquished.

Vanquished Creatures (collateral kills)
  An ice dragon (IceCv)
1 creature vanquished.

Vanquished Creatures (others)
  A centaur (Volcano)
  9 fungi
  7 plants
17 creatures vanquished.

Grand Total: 656 creatures vanquished

Notes
Turn   | Place    | Note
-------+----------+-------------------------------------------
     0 | D:1      | equalderp2856 the Minotaur Fighter began the quest for the Orb.
     0 | D:1      | Reached XP level 1. HP: 19/19 MP: 0/0
   133 | D:1      | Reached XP level 2. HP: 24/27 MP: 1/1
   689 | D:1      | Found a viscous altar of Jiyva.
   861 | D:2      | Reached XP level 3. HP: 33/33 MP: 2/2
   911 | D:2      | Noticed Robin
   923 | D:2      | Killed Robin
   923 | D:2      | Reached skill level 3 in Axes
   968 | D:2      | Reached XP level 4. HP: 23/40 MP: 3/3
   970 | D:2      | Found a basalt altar of Yredelemnul.
  1148 | D:2      | Reached skill level 1 in Dodging
  1370 | D:2      | Found a bloodstained altar of Trog.
  1538 | D:3      | Reached XP level 5. HP: 44/47 MP: 4/4
  1540 | D:3      | Reached skill level 4 in Axes
  1710 | D:3      | Found a glowing golden altar of the Shining One.
  2128 | D:4      | Noticed an ogre
  2135 | D:4      | Noticed a phantom
  2288 | D:5      | Entered Level 5 of the Dungeon
  2355 | D:5      | Reached skill level 5 in Axes
  2355 | D:5      | Reached XP level 6. HP: 33/53 MP: 5/5
  2359 | D:5      | Reached skill level 5 in Armour
  2412 | D:5      | Noticed Edmund
  2436 | D:5      | Killed Edmund
  2436 | D:5      | Reached skill level 5 in Shields
  2481 | D:5      | Noticed a sky beast
  2490 | D:5      | Reached skill level 1 in Stealth
  2509 | D:5      | Killed a sky beast
  2509 | D:5      | Reached XP level 7. HP: 36/60 MP: 6/6
  2576 | D:5      | Found a glowing drain.
  2588 | Sewer    | Entered a sewer
  2642 | Sewer    | Reached skill level 6 in Axes
  2973 | D:5      | Found Bopom's Book Boutique.
  3370 | D:6      | Reached skill level 5 in Fighting
  3513 | D:6      | Found a blossoming altar of Fedhas.
  3534 | D:6      | Reached skill level 7 in Axes
  3593 | D:6      | Found a snail-covered altar of Cheibriados.
  3596 | D:6      | Found Aleozoa's Jewellery Emporium.
  3617 | D:6      | Reached XP level 8. HP: 64/68 MP: 7/7
  3781 | D:6      | Found a radiant altar of Vehumet.
  3793 | D:6      | Found Peogo's Distillery.
  3796 | D:6      | Bought a potion of degeneration for 11 gold pieces
  3836 | D:6      | Found Mippea's Food Shoppe.
  3852 | D:6      | Found a sparkling altar of Nemelex Xobeh.
  3898 | D:6      | Reached skill level 8 in Axes
  3951 | D:6      | Found a staircase to the Ecumenical Temple.
  4842 | D:7      | Noticed equalderp2856's ghost (novice MiFi)
  4857 | D:7      | Reached skill level 9 in Axes
  4966 | D:7      | Reached XP level 9. HP: 75/75 MP: 8/8
  4983 | D:7      | Reached skill level 10 in Axes
  5131 | D:7      | Killed equalderp2856's ghost
  5131 | D:7      | Reached skill level 11 in Axes
  5431 | D:8      | Found a staircase to the Lair.
  6003 | D:8      | Reached XP level 10. HP: 81/86 MP: 9/9
  6216 | D:8      | Noticed Grum
  6233 | D:8      | Killed Grum
  6450 | D:8      | Noticed a two-headed ogre
  6505 | D:8      | Killed a two-headed ogre
  6505 | D:8      | Reached skill level 12 in Axes
  6783 | D:8      | Reached skill level 10 in Armour
  6902 | D:8      | Noticed a two-headed ogre
  6906 | D:8      | Killed a two-headed ogre
  7044 | Lair:1   | Entered Level 1 of the Lair of Beasts
  7059 | Lair:1   | Noticed Harold
  7097 | D:9      | Reached skill level 13 in Axes
  7097 | D:9      | Reached XP level 11. HP: 95/95 MP: 10/10
  7714 | D:9      | Noticed a two-headed ogre
  7746 | D:9      | Killed a two-headed ogre
  7906 | D:10     | Entered Level 10 of the Dungeon
  8090 | D:10     | Noticed a two-headed ogre
  8320 | D:10     | Found a blossoming altar of Fedhas.
  8388 | D:10     | Found a roughly hewn altar of Beogh.
  8388 | D:10     | Found a staircase to the Orcish Mines.
  8462 | D:10     | Killed an unseen horror
  8914 | D:10     | Reached skill level 14 in Axes
  9530 | Lair:1   | Killed Harold
  9733 | Lair:1   | Reached XP level 12. HP: 100/106 MP: 11/11
  9873 | Lair:1   | Reached skill level 10 in Fighting
  9875 | Lair:1   | Noticed Sonja
 10029 | Lair:1   | Killed Sonja
 10029 | Lair:1   | Reached skill level 10 in Shields
 10284 | Lair:1   | Noticed Erica
 10298 | Lair:1   | Killed Erica
 10855 | Lair:2   | Found a frozen archway.
 10954 | IceCv    | Entered an ice cave
 11049 | IceCv    | Reached skill level 15 in Axes
 11936 | IceCv    | Noticed an ice dragon
 11936 | IceCv    | Noticed an ice dragon
 12163 | IceCv    | Killed an ice dragon
 12197 | IceCv    | Killed an ice dragon
 12207 | IceCv    | Got a scintillating golden ring
 12216 | IceCv    | Got a vibrating lapis lazuli ring
 12344 | IceCv    | Identified the cursed ring "Bubikaja" {EV-5 Str+4} (You found it in an ice cave)
 12345 | IceCv    | Identified the ring "Giurhoo" {Int+3 Stlth+} (You found it in an ice cave)
 12686 | Lair:2   | Found a hole to the Spider Nest.
 12717 | Lair:2   | Reached skill level 1 in Evocations
 13574 | Lair:3   | Noticed an eight-headed hydra
 13629 | Lair:2   | Killed an eight-headed hydra
 13629 | Lair:2   | Reached XP level 13. HP: 111/116 MP: 12/12
 14216 | Lair:3   | Found a staircase to the Shoals.
 14374 | Lair:3   | Reached skill level 16 in Axes
 15210 | Lair:4   | Reached skill level 1 in Polearms
 15997 | Lair:5   | Found a labyrinth entrance.
 16019 | Lab      | Entered a labyrinth
 18206 | Lab      | Noticed a minotaur
 18212 | Lab      | Killed a minotaur
 18268 | Lab      | Got an iridescent dagger
 18986 | Lair:6   | Entered Level 6 of the Lair of Beasts
 19089 | Lair:6   | Found a dark tunnel.
 19116 | Volcano  | Entered a volcano
 20477 | Lair:6   | Reached XP level 14. HP: 125/127 MP: 13/13
 21424 | Lair:6   | Got a brightly glowing broad axe
 21430 | Lair:6   | Identified the +5 broad axe of Earthquakes {protect, +Blink Dex+3} (You found it on level 6 of the Lair of Beasts)
 22704 | Lair:1   | Identified a scroll of acquirement
 23043 | Orc:1    | Entered Level 1 of the Orcish Mines
 23225 | Orc:1    | Found a flagged portal.
 23277 | Bailey   | Entered a bailey
 24295 | Orc:2    | Entered Level 2 of the Orcish Mines
 24411 | Orc:2    | Reached skill level 5 in Polearms
 24540 | Orc:2    | Found a staircase to the Elven Halls.
 24542 | Orc:2    | Gained mutation: You are clumsy. (Dex -2) [a neqoxec]
 24548 | Orc:2    | Reached skill level 17 in Axes
 24766 | Orc:2    | Paralysed by an orc sorcerer for 4 turns
 25195 | Orc:2    | Paralysed by an orc sorcerer for 4 turns
 25211 | Orc:2    | Reached skill level 15 in Armour
 25257 | Orc:2    | HP: 6/129 [sixfirhy[an orc high priest] (12)]
 25258 | Orc:2    | Slain by a sixfirhy

Skill      XL: |  1  2  3  4  5  6  7  8  9 10 11 12 13 14 |
---------------+-------------------------------------------+-----
Armour         | 4 5 6 7 8 10 11 13 14 15 | 15.0
Fighting       | 4 5 6 7 8 9 11 12 13 | 13.6
Shields        | 4 5 6 7 8 9 11 12 13 | 13.3
Axes           | 3 5 7 9 11 13 14 15 16 17 | 17.4
Dodging        | 1 2 3 4 |  4.4
Stealth        | 1 2 3 |  3.6
Evocations     | 1 |  1.4
Polearms       | 3 5 |  5.0

Action                   |  1- 3 |  4- 6 |  7- 9 | 10-12 | 13-15 || total
-------------------------+-------+-------+-------+-------+-------++-------
Melee: War axe           |    94 |   159 |   249 |   852 |   480 ||  1834
       Headbutt          |    10 |    28 |    43 |   167 |   211 ||   459
       Trident           |       |       |       |    12 |   164 ||   176
       Broad axe         |       |       |       |       |   289 ||   289
Evoke: Wand              |       |     1 |     2 |       |    12 ||    15
       Sack of spiders   |       |       |       |     4 |       ||     4
  Use: Scroll            |       |     1 |     2 |     8 |    22 ||    33
       Potion            |       |       |       |     3 |     4 ||     7
 Stab: Paralysed         |       |     8 |     2 |       |       ||    10
       Distracted        |       |       |       |     2 |       ||     2
       Petrified         |       |       |       |       |     5 ||     5
  Eat: Chunk             |       |     5 |    12 |    22 |    28 ||    67
       Royal jelly       |       |       |     1 |     2 |     5 ||     8
Armor: Scale mail        |    51 |    53 |       |       |       ||   104
       Chain mail        |       |    34 |   133 |   170 |       ||   337
       Plate armour      |       |       |       |   186 |   377 ||   563
Dodge: Dodged            |    35 |    50 |    70 |   214 |   188 ||   557
Block: Shield            |    63 |    81 |   145 |   464 |   449 ||  1202
